 Dungeon Crawl Stone Soup version 0.29-a0-330-g52719c12eb (webtiles) character file.

Game seed: 13326327231685310507

1426 Anon1729 the Skirmisher (level 8, -6/72 (73) HPs)
             Began as a Minotaur Monk on Apr 29, 2022.
             Was a Follower of Uskayaw.
             Mangled by an orc warrior
             ... wielding a +0 mace
              (15 damage)
             ... on level 7 of the Dungeon.
             The game lasted 00:06:51 (7422 turns).

Anon1729 the Skirmisher (Minotaur Monk)             Turns: 7422, Time: 00:06:52

HP:   -6/72 (73)    AC:  8    Str: 15    XL:     8   Next: 44%
MP:   9/9           EV:  8    Int:  7    God:    Uskayaw [*.....]
Gold: 410           SH:  0    Dex: 16    Spells: 7/7 levels left

rFire   . . .      SeeInvis +   k - +1 dagger (venom)
rCold   . . .      Faith    .   (no shield)
rNeg    . . .      Spirit   .   h - +0 chain mail
rPois   .          Reflect  .   (helmet restricted)
rElec   .          Harm     +   j - scarf {harm}
rCorr   .          Rampage  .   (no gloves)
Will    .....                   (no boots)
Stlth   ..........              (no amulet)
HPRegen 0.22/turn               l - ring of see invisible
MPRegen 0.11/turn               (no ring)

@: lightly drained
A: horns 2, retaliatory headbutt
a: Renounce Religion, Stomp


You were on level 7 of the Dungeon.
You worshipped Uskayaw.
Uskayaw was noncommittal.
You visited 1 branch of the dungeon, and saw 7 of its levels.

You collected 410 gold pieces.

Inventory:

Hand Weapons
 a - a +0 spear
 i - a +0 scimitar
 k - a +1 dagger of venom (weapon)
Missiles
 g - 13 poisoned darts (quivered)
Armour
 b - a +0 robe
 h - a +0 chain mail (worn)
 j - a scarf of harm (worn)
Jewellery
 l - a ring of see invisible (left hand)
Wands
 q - a wand of digging (5)
 r - a wand of mindburst (13)
 x - a wand of flame (13)
 y - a wand of acid (3)
Scrolls
 e - a scroll of blinking
 m - a scroll of immolation {unknown}
 n - 2 scrolls of magic mapping
 p - 2 scrolls of fog
 s - a scroll of fear
 t - 2 scrolls of amnesia
 v - a scroll of torment
 B - 2 scrolls of teleportation {unknown}
 C - a scroll of vulnerability {unknown}
 E - a scroll of enchant armour {unknown}
Potions
 c - a potion of ambrosia
 d - 2 potions of flight {unknown}
 f - a potion of cancellation {unknown}
 o - a potion of curing {unknown}
 u - a potion of mutation {unknown}
 w - a potion of heal wounds
 z - a potion of haste {unknown}
 A - a potion of might {unknown}
 D - a potion of brilliance {unknown}


   Skills:
 + Level 7.0 Fighting
 + Level 4.9 Short Blades
 - Level 1.1(2.7) Axes
 - Level 3.8(3.9) Polearms
 + Level 6.3 Dodging
 + Level 4.7 Stealth
 * Level 2.9 Invocations


You had 7 spell levels left.
You didn't know any spells.
Your spell library contained the following spells:

 Spells                   Type           Power      Damage    Failure   Level
 Animate Skeleton         Necr           0%         N/A       100%        1
 Pain                     Necr           0%         1d4       100%        1
 Summon Guardian Golem    Hex/Summ       0%         N/A       100%        3
 Vampiric Draining        Necr           0%         2d6       100%        3
 Blade Hands              Tmut           0%         N/A       100%        5
 Irradiate                Conj/Tmut      0%         3d13      100%        5
 Dragon Form              Tmut           0%         N/A       100%        7
 Orb of Destruction       Conj           0%         9d5       100%        7
 Spellforged Servitor     Conj/Summ      0%         N/A       100%        7


Dungeon Overview and Level Annotations

Branches:
Dungeon (7/15)
 Temple: D:4-7

Altars:
Elyvilon
Hepliaklqana
Okawaru
Ru
Uskayaw
Vehumet
Wu Jian

Shops:
D:1 *[


Innate Abilities, Weirdness & Mutations

You have a pair of horns on your head.
You reflexively headbutt those who attack you in melee.


Message History

The necrophage hits you but does no damage.
The orc hits you from afar with a +1 vampiric trident.
You hit the orc warrior but do no damage.
The orc warrior is poisoned.
You headbutt the orc warrior.
The orc warrior is lightly wounded.
The orc warrior hits you with a +0 mace!
The necrophage hits you.
The orc hits you from afar with a +1 vampiric trident.
The orc barely misses you.
You hit the orc warrior.
The orc warrior looks as sick as possible!
The orc warrior is moderately wounded.
You hit the orc warrior but do no damage.
The orc warrior looks as sick as possible!
Your headbutt misses the orc warrior.
The orc warrior is moderately wounded.
The orc warrior hits you with a +0 mace!
The necrophage hits you.
You feel drained. The orc barely misses you. x2
You are too injured to fight recklessly!
You are too injured to fight recklessly!
You are too injured to fight recklessly!
You are too injured to fight recklessly!
You are too injured to fight recklessly!
You are too injured to fight recklessly!
You are too injured to fight recklessly!
The orc warrior attacks as you move away!
The orc warrior closely misses you. You furiously retaliate!
You headbutt the orc warrior.
The necrophage attacks as you move away!
The necrophage hits you.
* * * LOW HITPOINT WARNING * * *
There is an open door here.
The orc attacks as you move away! The orc hits you with a +0 hand axe.
* * * LOW HITPOINT WARNING * * *
The orc warrior attacks as you move away!
The orc warrior hits you with a +0 mace.
* * * LOW HITPOINT WARNING * * *
The orc warrior attacks as you move away!
The orc warrior hits you with a +0 mace!
You die...

####
##################...
#................'...
#................#...
#..o@............#...
##n#####..####...#...
#....#########...#...
#....#...........#...
#....#.[.........#...
#....#...........#...
#....#...........#..>
#..?.#...........#...
#+#####..####'####...


You could see an orc warrior (extremely poisoned) and a necrophage.

Vanquished Creatures
  A steam dragon (D:7)
  2 ice beasts
  3 black bears
  2 ogres
  A phantom (D:6)
  2 wights
  A gnoll shaman (D:6)
  A jelly (D:6)
  4 iguanas
  An orc wizard (D:3)
  4 gnolls
  8 adders
  3 white imps
  An ufetubus (D:7)
  5 worms
  2 dart slugs
  13 orcs
  5 endoplasms
  A giant cockroach (D:3)
  9 goblins
  9 hobgoblins
  2 jackals (D:5)
  3 quokkas
  8 ball pythons
  4 bats
  3 frilled lizards
  6 kobolds
  10 rats
114 creatures vanquished.

Vanquished Creatures (collateral kills)
  A wight (D:7)
1 creature vanquished.

Vanquished Creatures (others)
  12 plants
12 creatures vanquished.

Grand Total: 127 creatures vanquished

Notes
Turn   | Place    | Note
-------+----------+-------------------------------------------
     0 | D:1      | Anon1729 the Minotaur Monk began the quest for the Orb.
     0 | D:1      | Reached XP level 1. HP: 19/19 MP: 0/0
   167 | D:1      | Found a faded altar of an unknown god.
   181 | D:1      | Prayed at the altar of an unknown god.
   181 | D:1      | Became a worshipper of Uskayaw the Reveller
   181 | D:1      | Reached * piety under Uskayaw
   181 | D:1      | Reached ** piety under Uskayaw
   210 | D:1      | Reached XP level 2. HP: 14/27 MP: 1/1
   377 | D:1      | Found Sireisecs's Assorted Antiques.
   476 | D:1      | Found Bufyx's Antique Armour Boutique.
   482 | D:1      | Reached skill level 4 in Fighting
   636 | D:1      | Reached XP level 3. HP: 28/33 MP: 2/2
   811 | D:1      | Reached skill level 1 in Axes
  1755 | D:2      | Found a sacrificial altar of Ru.
  2154 | D:3      | Reached XP level 4. HP: 33/41 MP: 3/3
  2235 | D:3      | Reached skill level 1 in Short Blades
  2842 | D:3      | Reached XP level 5. HP: 46/47 MP: 4/4
  2850 | D:3      | Reached *** piety under Uskayaw
  2995 | D:4      | Found a sacrificial altar of Ru.
  3037 | D:4      | Found a hazy altar of Hepliaklqana.
  3077 | D:4      | Found a white marble altar of Elyvilon.
  3179 | D:4      | Noticed a black bear
  3186 | D:4      | Killed a black bear
  3187 | D:4      | Reached skill level 5 in Fighting
  3251 | D:4      | Found a radiant altar of Vehumet.
  3489 | D:4      | Reached XP level 6. HP: 54/56 MP: 5/5
  3555 | D:4      | Found a hide-covered altar of Uskayaw.
  3668 | D:5      | Entered Level 5 of the Dungeon
  4182 | D:5      | Noticed an ice beast
  4207 | D:6      | Killed an ice beast
  4208 | D:6      | Reached skill level 5 in Dodging
  4876 | D:6      | Found an iron altar of Okawaru.
  4892 | D:6      | Found an ornate altar of the Wu Jian Council.
  5009 | D:6      | Reached XP level 7. HP: 24/62 MP: 6/6
  5192 | D:6      | Reached skill level 6 in Fighting
  5669 | D:7      | Noticed a steam dragon
  5678 | D:7      | Killed a steam dragon
  6254 | D:6      | Reached skill level 1 in Invocations
  6254 | D:6      | Reached XP level 8. HP: 64/71 MP: 7/7
  6288 | D:7      | HP: 3/60 [wight/+4 hand axe of freezing (1)]
  7070 | D:7      | Reached skill level 7 in Fighting
  7422 | D:7      | Mangled by an orc warrior

Illustrated notes

Levels and vault maps discovered:
D:1:      psy_arrival_radial02, layout_loops_ring,
          dreamdust_ecumenical_altar_statues, serial_shops,
          nicolae_shop_statue_plus, shop
D:2:      layout_loops_ring, serial_glass, glass_columns_a, glass_columns_b,
          basic_altar
D:3:      layout_basic, portal_sewer_entry_e
D:4:      layout_basic, nicolae_elyvilon_temple_path,
          nicolae_uskayaw_dance_hall, vehumet_crystals,
          nicolae_overflow_crystal_walls, lemuel_crystal_altar
D:5:      layout_basic, temple_green, serial_shops, nicolae_shop_behind_doors
D:6:      layout_rooms, mainiacjoe_overflow_alcove_4, okawaru_trees_1
D:7:      layout_gridville

Skill      XL: |  1  2  3  4  5  6  7  8 |
---------------+-------------------------+-----
Fighting       | 4 5 6 7 |  7.0
Stealth        | 2 3 4 |  4.7
Axes           | 1 |  1.1
Short Blades   | 1 2 3 4 |  4.9
Dodging        | 4 5 6 |  6.3
Invocations    | 1 2 |  2.9
Polearms       | |  3.8

Action                   |  1- 3 |  4- 6 |  7- 9 || total
-------------------------+-------+-------+-------++-------
Melee: Spear             |    66 |       |       ||    66
       Headbutt          |    17 |    39 |    25 ||    81
       Dagger            |    60 |   180 |    94 ||   334
       Punch             |       |     1 |     3 ||     4
Invok: Stomp             |       |     1 |       ||     1
Evoke: Wand              |       |       |     3 ||     3
  Use: Scroll            |       |       |    10 ||    10
       Potion            |       |       |     1 ||     1
 Stab: Sleeping          |     4 |       |       ||     4
       Paralysed         |       |     1 |       ||     1
Armor: Chain mail        |    45 |   103 |    49 ||   197
       Robe              |     1 |       |       ||     1
Dodge: Dodged            |    38 |    70 |    44 ||   152

Table legend: (Time is in decaauts)
 A = Elapsed time spent in this place.
 B = Non-inter-level travel time spent in this place.
 C = Inter-level travel time spent in this place.
 D = Time resting spent in this place.
 E = Time spent auto-exploring this place.
 F = Levels seen in this place.
 G = Mean time per level.
                   A        B        C        D        E       F      G
               +--------+--------+--------+--------+--------+-----+--------+
         Total |   7378 |   7227 |    151 |    826 |   5490 |   7 | 1054.0 |
       Dungeon |   7378 |   7227 |    151 |    826 |   5490 |   7 | 1054.0 |
               +--------+--------+--------+--------+--------+-----+--------+

Top non-repeatable levels by time:
     D:6: 1660 daAuts
     D:7: 1540 daAuts
     D:1: 1225 daAuts
     D:3: 895 daAuts
     D:2: 824 daAuts
     D:4: 709 daAuts
     D:5: 522 daAuts
